Construct Section Command Post
Selects Air and Sea Battlegroup
Construct Platoon Command Post
Unlock Bishop Self-propelled Artillery
6-pounder Anti-tank Gun Team
Bishop Self-propelled Artillery
Selects Commando Section Paradrop
Selects Commando Support Section Paradrop
Construct Company Command Post
Unlock M3 Grant Medium Tanks
Commando Support Section Paradrop
Commando Section Paradrop
Selects Anti-tank Rocket Loiter
Selects Naval Bombardment
Commando Section Paradrop